AoeStats
← MooseMooch

Arabia

509728736Analyzed
1v1 RM · 5d ago on Sep 27, 2026· 29m 5s· 2 players
Game mode
Random Map
Map size
Tiny (2 player)
Population
200
Speed
Normal
Resources
Standard
Victory
Conquest
Starting age
Dark Age
Ending age
Imperial Age
RankedLock teamsTeams togetherTeam positionsShared explorationLock speedFull tech treeHidden civsTurbo modeCheats
Victory
Defeat
🇩🇪 Portuguese · Germany
1188
+16
🇹🇷 Dravidians · Türkiye
1182
-16
hsynakan.95
2:08 Loom
9:52 Feudal Age
9:54 Man-at-Arms
23:02 Castle Age
21:25 Scale Mail Armor
22:07 Forging
21:53 Horse Collar
22:21 Gold Mining
22:39 Double-Bit Axe
24:07 Fletching
26:56 Padded Archer Armor
MooseMooch
6:23 Loom
8:59 Feudal Age
9:50 Double-Bit Axe
13:20 Fletching
19:53 Wheelbarrow
23:31 Castle Age
22:04 Horse Collar
22:14 Gold Mining
22:31 Padded Archer Armor
23:37 Crossbowman
23:40 Elite Skirmisher
24:17 Bodkin Arrow
24:33 Bow Saw
26:40 Ballistics
29:07 Leather Archer Armor
Connection lost

Rejoining the realm…

Still unreachable

The connection could not be restored.

Session expired

The server has moved on; the page needs a fresh start.